 Dungeon Crawl Stone Soup version 0.19.5 (webtiles) character file.

11 Gargoyl the Skirmisher (level 2, -3/27 HPs)
             Began as a Ghoul Abyssal Knight on Mar 2, 2017.
             Was a Follower of Lugonu.
             Slain by an adder (4 damage)
             ... on level 2 of the Dungeon.
             The game lasted 00:08:20 (446 turns).

Gargoyl the Skirmisher (Ghoul Abyssal Knight)        Turns: 446, Time: 00:08:21

Health: -3/27      AC:  7    Str: 15    XL:     2   Next: 25%
Magic:  2/2        EV:  9    Int:  7    God:    Lugonu [*.....]
Gold:   47         SH:  0    Dex:  8    Spells: 0 memorised, 1 level left

rFire  + . .     SeeInvis .     a - +2 hand axe
rCold  + + .     Gourm    .     d - +0 scale mail
rNeg   + + +     Faith    .     (no shield)
rPois  ∞         Spirit   .     (no helmet)
rElec  +         Reflect  .     (no cloak)
rCorr  +         Harm     .     (no gloves)
MR     .....                    j - +0 pair of boots
Stlth  ..........               (no amulet)
                                (no ring)
                                (no ring)

@: resistant, rotting
A: rotting body, claws 1, carnivore 3, cold resistance 1, negative energy
resistance 3, slow regeneration 1, torment resistance, unbreathing
a: Depart the Abyss, Renounce Religion


You were on level 2 of the Dungeon.
You worshipped Lugonu.
Lugonu was aware of your devotion.
You were not hungry.

You visited 1 branch of the dungeon, and saw 2 of its levels.
You visited the Abyss 1 time.

You collected 47 gold pieces.

Inventory:

Hand Weapons
 a - a +2 hand axe (weapon)
Armour
 d - a +0 scale mail (worn)
 j - a +0 pair of boots (worn)
Scrolls
 b - a scroll of recharging
 i - a scroll of magic mapping
Books
 e - a book of Spatial Translocations

   Spells                             Type                      Level
   a - Blink                          Translocation                2
   b - Shroud of Golubria             Charms/Translocation         2
   c - Lesser Beckoning               Translocation                3
   d - Portal Projectile              Translocation                3
   e - Teleport Other                 Translocation                3
   f - Passage of Golubria            Translocation                4
Comestibles
 c - a meat ration


   Skills:
 + Level 3.7 Fighting
 + Level 1.8 Axes
 * Level 2.0 Armour
 + Level 0.8 Dodging
 * Level 2.0 Invocations


You had one spell level left.
You didn't know any spells.

Dungeon Overview and Level Annotations

Branches:
Dungeon (1/15)

Altars:

Annotations:
D:2 Natasha


Innate Abilities, Weirdness & Mutations

Your body is rotting away.
You thrive on raw meat.
You are immune to poison.
You have sharp fingernails.
You are carnivorous and can eat meat at any time.
Your flesh is cold resistant. (rC+)
You are immune to negative energy. (rN+++)
You regenerate slowly when monsters are visible.
You are immune to unholy pain and torment.
You can survive without breathing.


Message History

Natasha claws you!
* * * LOW HITPOINT WARNING * * *
The crimson imp blinks!
Okay, then.
As you read the scroll labeled VANELYM KOETTA, it crumbles to dust.
It is a scroll of recharging.
You aren't carrying any rechargeable items.
The adder bites you but does no damage. Natasha barely misses you.
The crimson imp hits you but does no damage.
As you read the scroll labeled TATSAO LEITIVE, it crumbles to dust.
You feel blessed for a moment.
It was a scroll of remove curse.
The adder bites you but does no damage. Natasha casts a spell at you.
The magic dart hits you!
* * * LOW HITPOINT WARNING * * *
The adder closely misses you. The crimson imp barely misses you.
You barely miss Natasha.
Natasha is lightly wounded.
You hit the crimson imp. You hit the adder. The adder bites you.
You die...

#...#
...#
##..#
...##
#...#
###...###
#.>..S..#
#...@h..#
#..5....#
###...###
#...#
#.### #.
#. #.


You could see Natasha, a crimson imp and an adder.

Vanquished Creatures
  3 bats (D:1)
  A goblin (D:1)
  3 hobgoblins
  A frilled lizard (D:1)
  A rat (D:1)
9 creatures vanquished.

Notes
Turn   | Place    | Note
-------+----------+-------------------------------------------
     0 | Abyss:1  | Gargoyl the Ghoul Abyssal Knight began the quest for the Orb.
     0 | Abyss:1  | Reached XP level 1. HP: 19/19 MP: 1/1
    91 | Abyss:2  | Noticed a neqoxec
   102 | Abyss:3  | Found a corrupted altar of Lugonu.
   141 | Abyss:4  | Found a stormy altar of Qazlal.
   145 | Abyss:4  | Found a stormy altar of Qazlal.
   173 | Abyss:4  | Noticed a hell knight
   173 | Abyss:4  | Noticed a necromancer
   174 | Abyss:4  | Noticed a hell knight
   174 | Abyss:4  | Noticed a hell knight
   176 | Abyss:4  | Noticed a necromancer
   181 | Abyss:4  | Noticed a worldbinder
   184 | Abyss:4  | Noticed a tarantella
   184 | D:1      | Escaped the Abyss
   311 | D:1      | Reached XP level 2. HP: 26/26 MP: 2/2
   342 | D:1      | Reached * piety under Lugonu
   431 | D:1      | You fall through a shaft!
   431 | D:2      | Noticed Natasha
   434 | D:2      | Noticed a crimson imp
   445 | D:2      | HP: 1/27 [Natasha/magic dart (2)]
   446 | D:2      | Slain by an adder

Skill      XL: |  1 |
---------------+----+-----
Armour         | 2 |  2.0
Fighting       | |  3.7
Axes           | |  1.8
Dodging        | |  0.8
Invocations    | |  2.0

Action                   || total
-------------------------++-------
Melee: Hand axe          ||    31
Invok: Depart the Abyss  ||     1
  Use: Scroll            ||     5
       Potion            ||     1
  Eat: Chunk             ||     4
Armor: Scale mail        ||    33
Dodge: Dodged            ||    26
